 Dungeon Crawl Stone Soup version 0.27.1 (webtiles) character file.

Game seed: 16586337727991550228

70 ZARRMARR the Insei (level 4, -1/28 HPs)
             Began as an Octopode Transmuter on Aug 31, 2021.
             Shot with a stone by a goblin (5 damage)
             ... led by Robin
             ... on level 2 of the Dungeon.
             The game lasted 00:08:20 (1822 turns).

ZARRMARR the Insei (Octopode Transmuter)            Turns: 1822, Time: 00:08:21

Health: -1/28      AC:  1    Str:  7    XL:     4   Next: 22%
Magic:  5/8        EV: 13    Int: 16    God:
Gold:   153        SH:  0    Dex: 10    Spells: 7/9 levels left

rFire    . . .     SeeInvis .     - Unarmed
rCold    . . .     Faith    .   (no shield)
rNeg     . . .     Spirit   .   (helmet restricted)
rPois    .         Reflect  .   c - amulet of magic regeneration
rElec    .         Harm     .   (no ring)
rCorr    .         Rampage  .   (no ring)
Will     .....                  (no ring)
Stlth    ++........             (no ring)
HPRegen  0.09/turn              (no ring)
MPRegen  0.36/turn              (no ring)
                                (no ring)
                                (no ring)

@: no status effects
A: almost no armour, amphibious, 8 rings, camouflage 1, gelatinous body 1,
(nimble swimmer 1), tentacles, clumsy 1, weak 1
a: no special abilities


You were on level 2 of the Dungeon.
You visited 1 branch of the dungeon, and saw 2 of its levels.

You collected 153 gold pieces.

Inventory:

Jewellery
 c - an amulet of magic regeneration (around mantle)
Scrolls
 b - a scroll of teleportation {unknown}
Potions
 a - 2 potions of mutation
 d - a potion of ambrosia {unknown}
 e - a potion of invisibility {unknown}
 f - a potion of flight {unknown}


   Skills:
 - Level 1.0 Fighting
 + Level 2.4 Dodging
 + Level 3.9 Unarmed Combat
 + Level 3.0 Spellcasting
 - Level 2.0 Transmutations


You had 7 spell levels left.
You knew the following spells:

 Your Spells              Type           Power      Damage    Failure   Level
a - Beastly Appendage     Tmut           16%        N/A       9%          1
b - Magic Dart            Conj           8%         1d3       19%         1

Your spell library contained the following spells:

 Spells                   Type           Power      Damage    Failure   Level
 Wereblood                Tmut           8%         N/A       12%         2
 Call Imp                 Summ           2%         N/A       28%         2
 Spider Form              Tmut/Pois      2%         N/A       36%         3
 Ignite Poison            Fire/Tmut/Pois 4%         N/A       38%         3
 Conjure Flame            Conj/Fire      2%         6-21      50%         3
 Mephitic Cloud           Conj/Pois/Air  2%         N/A       50%         3
 Ice Form                 Ice/Tmut       5%         N/A       77%         4
 Sticky Flame             Conj/Fire      2%         2d3       88%         4


Dungeon Overview and Level Annotations

Branches:
Dungeon (2/15)

Altars:


Innate Abilities, Weirdness & Mutations

You cannot wear most types of armour.
You are amphibious.
You can wear up to eight rings at the same time.
Your skin changes colour to match your surroundings (Stealth+).
Your rubbery body absorbs attacks. (AC +1, EV +1)
((You are camouflaged near water. (Stealth+)))
You have tentacles for arms and can constrict up to eight enemies at once.
You are clumsy. (Dex -2)
You are weak. (Str -2)


Message History

Robin is lightly wounded.
You constrict Robin. Robin closely misses you.
You completely miss Robin.
Robin is moderately wounded.
You constrict Robin, but do no damage.
Robin roars a battlecry!
The goblin goes into a battle-frenzy!
You hear a shout!
The goblin shouts!
You tentacle-slap Robin but do no damage.
Robin is moderately wounded.
You constrict Robin, but do no damage. Robin hits you with a +0 short sword.
You tentacle-slap Robin. Your squeeze misses Robin.
Robin is moderately wounded.
You constrict Robin. Robin completely misses you.
You tentacle-slap Robin.
Robin is heavily wounded.
You constrict Robin.
A hobgoblin comes into view. It is wielding a +0 spear.
Robin hits you with a +0 short sword.
You tentacle-slap Robin.
Robin is severely wounded.
Your tentacle spike disappears.
You constrict Robin. You tentacle-slap Robin.
You kill Robin!
Your Spellcasting skill increases to level 3!
Casting: Magic Dart (safe; 19% risk of failure)
Confirm with . or Enter, or press ? or * to list all spells.
Okay, then.
Unknown command.
Okay, then.
The goblin shoots a stone.
The stone closely misses you.
Your magical contamination has completely faded away.
The goblin shoots a stone.
The stone hits you.
* * * LOW HITPOINT WARNING * * *
The goblin shoots a stone.
The stone hits you.
* * * LOW HITPOINT WARNING * * *
The goblin shoots a stone.
The stone barely misses you.
The goblin shoots a stone.
The stone hits you.
You die...

#.............#..###.#.##.#.
##....##....)##..# #......## #
..##.#.##.........# ##...#... .#.
#. ###............####...#### ...
#. #####...####...###.## ....#.
#..># #........# ## ..#.#.##
#...# #...###..# #. .......#
#####...#####...##.># #.
.......###....).@......#..#..###.
#..................##.##.......
#.##.###...........#.⌠.#..####.
.##.##.# #####...##..##.##..####[
......g# #...####..#......##.
##.###.# #...# ##...####.### #.
#.# #..g# ##### #.# #.###.#
######g## #.# #.....# #...##)#
#.#


You could see a hobgoblin and a goblin (strong).

Vanquished Creatures
  Robin (D:2)
  An adder (D:2)
  2 dart slugs (D:1)
  5 endoplasms
  A giant cockroach (D:2)
  11 goblins
  5 hobgoblins (D:2)
  2 jackals (D:1)
  5 kobolds
  3 ball pythons
  2 bats (D:1)
  2 frilled lizards (D:1)
  3 rats
  A toadstool (D:1)
44 creatures vanquished.

Vanquished Creatures (others)
  3 toadstools (D:1)
3 creatures vanquished.

Grand Total: 47 creatures vanquished

Notes
Turn   | Place    | Note
-------+----------+-------------------------------------------
     0 | D:1      | ZARRMARR the Octopode Transmuter began the quest for the
                  | Orb.
     0 | D:1      | Reached XP level 1. HP: 13/13 MP: 3/3
   140 | D:1      | Learned a level 1 spell: Magic Dart
   229 | D:1      | Found a faded altar of an unknown god.
   235 | D:1      | Reached XP level 2. HP: 14/18 MP: 3/5
  1056 | D:2      | Reached XP level 3. HP: 23/23 MP: 3/6
  1154 | D:2      | Noticed Robin
  1187 | D:2      | Gained mutation: You are weak. (Str -2) [potion of
                  | mutation]
  1187 | D:2      | Gained mutation: You are clumsy. (Dex -2) [potion of
                  | mutation]
  1800 | D:2      | Reached XP level 4. HP: 22/28 MP: 5/8
  1815 | D:2      | Killed Robin
  1822 | D:2      | Shot with a stone by a goblin

Illustrated notes

Levels and vault maps discovered:
D:1:      dpeg_arrival_rooms_c, layout_basic,
          shapermc_ecumenical_altar_acropolis, grunt_decor_mini_mirrors,
          minmay_gold_behind_fungi, glass_columns_a
D:2:      layout_loops_cross, grunt_decor_one_mirror, minmay_surrounded,
          uniq_robin

Skill      XL: |  1  2  3  4 |
---------------+-------------+-----
Spellcasting   | 3 |  3.0
Fighting       | |  1.0
Dodging        | |  2.4
Unarmed Combat | |  3.9
Transmutations | |  2.0

Action                   |  1- 3 |  4- 6 || total
-------------------------+-------+-------++-------
Melee: Unarmed           |    66 |     7 ||    73
       Kick              |    16 |       ||    16
       Constrict         |    19 |     1 ||    20
       Tentacles         |     7 |       ||     7
 Cast: Beastly Appendage |    21 |       ||    21
       Magic Dart        |    49 |     6 ||    55
  Use: Scroll            |     2 |       ||     2
       Potion            |     2 |       ||     2
 Stab: Sleeping          |     1 |       ||     1
Armor: Skin              |     3 |       ||     3
Dodge: Dodged            |    33 |     5 ||    38
